 Dungeon Crawl Stone Soup version 0.28.0-49-g6dfe1f597d (webtiles) character file.

Game seed: 17967852631416085143

2645 mortz the Thaumaturge (level 9, -19/47 HPs)
             Began as a Deep Elf Conjurer on May 14, 2022.
             Demolished by Harold
             ... wielding a +4 trident of protection
              (22 damage)
             ... on level 7 of the Dungeon.
             The game lasted 00:40:08 (8817 turns).

mortz the Thaumaturge (Deep Elf Conjurer)           Turns: 8817, Time: 00:40:09

Health: -19/47     AC:  5    Str:  6    XL:     9   Next: 35%
Magic:  15/32      EV: 12    Int: 28    God:
Gold:   258        SH:  5    Dex: 11    Spells: 13/25 levels left

rFire   . . .      SeeInvis +   m - +8 whip of the Destroying Priest {flame, *Corrode rPois Int+2, mace}
rCold   . . .      Faith    .   (no shield)
rNeg    . . .      Spirit   .   G - +0 leather armour of Cowardice {rPois Dex-2 Slay+5 SInv}
rPois   +          Reflect  +   y - +0 helmet
rElec   .          Harm     .   (no cloak)
rCorr   .          Rampage  .   (no gloves)
Will    .....                   n - +0 pair of boots
Stlth   ++........              I - amulet of reflection
HPRegen 0.15/turn               q - ring of magical power
MPRegen 0.23/turn               (no ring)

@: no status effects
A: no striking features
a: no special abilities


You were on level 7 of the Dungeon.
You visited 1 branch of the dungeon, and saw 8 of its levels.
You also visited: Sewer.

You collected 258 gold pieces.


   Skills:
 + Level 1.3 Fighting
 + Level 1.0 Maces & Flails
 + Level 3.4 Armour
 + Level 4.5 Dodging
 + Level 4.6 Stealth
 + Level 0.6 Shields
 + Level 8.7 Spellcasting
 + Level 8.0 Conjurations
 * Level 5.2 Translocations
 * Level 3.7 Earth Magic


You had 13 spell levels left.
You knew the following spells:

 Your Spells              Type           Power      Damage    Failure   Level
a - Magic Dart            Conj           100%       1d8       1%          1
b - Searing Ray           Conj           100%       2d8       1%          2
c - Stone Arrow           Conj/Erth      90%        3d12      1%          3
d - Passwall              Tmut/Erth      18%        N/A       4%          2
e - Iskenderun's Mystic   Conj/Tloc      49%        2d11      4%          4

Your spell library contained the following spells:

 Spells                   Type           Power      Damage    Failure   Level
 Sandblast                Erth           66%        2d15      1%          1
 Dazzling Flash           Conj/Hex       68%        N/A       4%          3
 Portal Projectile        Hex/Tloc       52%        N/A       7%          3
 Fulminant Prism          Conj/Hex       17%        3d11      13%         4
 Frozen Ramparts          Ice            24%        1d4       21%         3
 Summon Forest            Summ/Tloc      13%        N/A       54%         5
 Ice Form                 Ice/Tmut       12%        N/A       56%         4
 Summon Ice Beast         Ice/Summ       12%        N/A       56%         4
 Blade Hands              Tmut           6%         N/A       88%         5
 Excruciating Wounds      Necr           6%         N/A       88%         5
 Summon Mana Viper        Hex/Summ       12%        N/A       88%         5
 Summon Cactus Giant      Summ           6%         N/A       100%        6

Inventory:

Hand Weapons
 c - a +0 club {mace}
   (You found it on level 1 of the Dungeon)
 f - a +0 spear {polearm}
   (You found it on level 1 of the Dungeon)
 h - a +1 dagger {short}
   (You took it off a kobold on level 1 of the Dungeon)
 m - the +8 whip of the Destroying Priest (weapon) {flame, *Corrode rPois Int+2, mace}
   (You found it on level 2 of the Dungeon)

   It burns those it strikes, dealing additional fire damage.
   Int:       It affects your intelligence (+2).
   rPois:     It protects you from poison.
   *Corrode:  It may corrode you when you take damage.
 r - a +2 vampiric dagger {short}
   (You took it off a goblin on level 4 of the Dungeon)
Missiles
 b - 246 stones {throwing}
 E - 9 poisoned darts {throwing}
Armour
 l - a +1 hat
   (You found it on level 2 of the Dungeon)
 n - a +0 pair of boots (worn)
   (You found it on level 2 of the Dungeon)
 y - a +0 helmet (worn)
   (You took it off Robin on level 4 of the Dungeon)
 D - the +1 leather armour of Sucaag {rN+ Slay+2}
   (You found it on level 5 of the Dungeon)

   Slay:      It affects your accuracy & damage with ranged weapons and melee
   (+2).
   rN:        It protects you from negative energy.
 G - the +0 leather armour of Cowardice (worn) {rPois Dex-2 Slay+5 SInv}
   (You found it on level 6 of the Dungeon)

   Dex:       It affects your dexterity (-2).
   Slay:      It affects your accuracy & damage with ranged weapons and melee
   (+5).
   rPois:     It protects you from poison.
   SInv:      It lets you see invisible.
Magical Staves
 C - a staff of earth {!astaff}
   (You found it on level 5 of the Dungeon)
Jewellery
 q - a ring of magical power (left hand)
   (You found it on level 3 of the Dungeon)
 u - a ring of fire
   (You found it on level 5 of the Dungeon)
 I - an amulet of reflection (around neck)
   (You found it on level 6 of the Dungeon)
Wands
 w - a wand of polymorph (6)
   (You found it on level 4 of the Dungeon)
 A - a wand of flame (22)
   (You found it on level 5 of the Dungeon)
 K - a wand of paralysis (2)
   (You found it on level 7 of the Dungeon)
 M - a wand of iceblast (8)
   (You took it off a kobold on level 7 of the Dungeon)
Scrolls
 a - 2 scrolls of fog {unknown}
 d - 3 scrolls of enchant weapon
 j - a scroll of vulnerability {unknown}
 o - a scroll of enchant armour {unknown}
 s - 3 scrolls of amnesia {unknown}
 t - a scroll of acquirement {unknown}
 x - a scroll of blinking {unknown}
 z - a scroll of magic mapping {unknown}
 B - a scroll of teleportation {unknown}
 F - 2 scrolls of immolation {unknown}
 H - a scroll of holy word {unknown}
 J - a scroll of fear {unknown}
Potions
 e - a potion of invisibility
 g - 3 potions of magic
 i - 5 potions of curing {@q1}
 k - 2 potions of heal wounds {@q2}
 p - a potion of attraction {!q}
 v - a potion of mutation {!q}
 L - a potion of degeneration {unknown}

Dungeon Overview and Level Annotations

Branches:
Dungeon (8/15)              Sewer (visited)
 Temple: D:4-7         Lair: D:8-11

Altars:
Hepliaklqana

Shops:
D:4 [   D:6 [(=(

Annotations:
D:5 Blork the orc
D:6 Prince Ribbit, Sigmund
D:7 Harold

#.............##
#@.......... ...
##......... .. #.....#..
## .. ##.>..# ##.##.
##....## .
.....##..##...... .
#..#@.#.#......
#..@...#...##.# ..
##.###.##### # ##.
#..##..##.## ### #..
#..........###.###..
#...........#......#
##)...)......#..###.#
#####................##..
#...#................#..#
##.........>......##.....#


You could see Harold.


Message History

Found a stone staircase leading up.
A necrophage comes into view.
Casting: Magic Dart (safe; 1% risk of failure)
Confirm with . or Enter, or press ? or * to list all spells.
Aiming: Searing Ray (safe; 1% risk of failure)
Press: ? - help, Shift-Dir - straight line, f - necrophage
Aim: a necrophage (83% to hit)
The searing ray hits the necrophage! (Press . to maintain the ray.) ๐Ÿ˜Ž MP[-2]
You lost 2 mp, and now have 30/32 mp.
The searing ray hits the necrophage! ๐Ÿ˜Ž MP[-1]
You lost 1 mp, and now have 29/32 mp.
The searing ray hits the necrophage!
The necrophage hits you.
You feel drained. ๐Ÿ˜• HP[-4] MP[-1]
You now have 46 max hp (-1).
You take 4 damage, and now have 43/46 hp.
You lost 1 mp, and now have 28/32 mp.
The searing ray hits the necrophage!
You destroy the necrophage!
You finish channelling your searing ray.
Your life force feels restored.
You now have 47 max hp (+1).
There is a stone staircase leading up here.
You start resting. ๐Ÿ˜• HP[+2] MP[+4]
You regained 2 hp, and now have 45/47 hp.
Your mp is fully restored (32).
You climb upwards.
Level annotation: Harold
There is a stone staircase leading down here.
Things that are here:
a +0 short sword {short}; a kobold skeleton ๐Ÿ˜• HP[+1]
Items here: ))) รทรท. ๐Ÿ˜Ž HP[+1]
Your hp is fully restored (47).
Things that are here:
a +0 short sword {short}; a kobold skeleton
Casting: Searing Ray (safe; 1% risk of failure)
Confirm with . or Enter, or press ? or * to list all spells.
Aiming: Stone Arrow (safe; 1% risk of failure)
Press: ? - help, Shift-Dir - straight line, f - Harold
Aim: Harold, wielding a +4 trident of protection, wearing a +4 chain mail of cold resistance and quivering 2 throwing nets (89% to hit)
Okay, then.
Casting: Stone Arrow (safe; 1% risk of failure)
Confirm with . or Enter, or press ? or * to list all spells.
Okay, then.
Casting: Stone Arrow (safe; 1% risk of failure)
Confirm with . or Enter, or press ? or * to list all spells.
You erupt in a blast of force!
The mystic blast hits Harold.
Harold is knocked back by the mystic blast. ๐Ÿ˜Ž MP[-4]
You lost 4 mp, and now have 28/32 mp.
Casting: Iskenderun's Mystic Blast (dangerous; 4% risk of failure)
Confirm with . or Enter, or press ? or * to list all spells.
You can't see any susceptible monsters within range! (Use Z to cast anyway.) Unknown command.
Casting: Iskenderun's Mystic Blast (dangerous; 4% risk of failure)
Confirm with . or Enter, or press ? or * to list all spells.
Aiming: Searing Ray (safe; 1% risk of failure)
Press: ? - help, Shift-Dir - straight line, f - Harold
Aim: Harold, wielding a +4 trident of protection, wearing a +4 chain mail of cold resistance and quivering 2 throwing nets (lightly wounded, 92% to hit)
The searing ray hits Harold but does no damage. (Press . to maintain the ray.) Harold fires a harpoon shot at you.
The harpoon shot hits you.
You are yanked forward by the harpoon shot. ๐Ÿ˜• HP[-6] MP[-2]
You take 6 damage, and now have 41/47 hp.
You lost 2 mp, and now have 26/32 mp.
Casting: Searing Ray (safe; 1% risk of failure)
Confirm with . or Enter, or press ? or * to list all spells.
You erupt in a blast of force!
The mystic blast hits Harold but does no damage.
Harold hits you with a +4 trident of protection!!
* * * LOW HITPOINT WARNING * * *
๐Ÿ˜จ HP[-23] MP[-4]
You take 23 damage, and now have 18/47 hp.
MASSIVE DAMAGE!! (PAUSE)
You lost 4 mp, and now have 22/32 mp.
Casting: Iskenderun's Mystic Blast (dangerous; 4% risk of failure)
Confirm with . or Enter, or press ? or * to list all spells.
You erupt in a blast of force!
The mystic blast hits Harold but does no damage.
Harold hits you with a +4 trident of protection!
* * * LOW HITPOINT WARNING * * *
๐Ÿ˜ฑ HP[-15] MP[-3]
You take 15 damage, and now have 3/47 hp.
MASSIVE DAMAGE!! (PAUSE)
You lost 3 mp, and now have 19/32 mp.
Casting: Iskenderun's Mystic Blast (dangerous; 4% risk of failure)
Confirm with . or Enter, or press ? or * to list all spells.
You erupt in a blast of force!
The mystic blast hits Harold.
Harold is knocked back by the mystic blast.
Harold slams into the rock wall!
Harold hits you with a +4 trident of protection!!
You die...

Skill      XL: |  1  2  3  4  5  6  7  8  9 |
---------------+----------------------------+-----
Conjurations   | 5 6 7 8 |  8.0
Spellcasting   | 4 5 6 8 |  8.7
Translocations | 1 2 3 4 5 |  5.2
Stealth        | 3 4 |  4.6
Armour         | 1 2 3 |  3.4
Dodging        | 3 4 |  4.5
Earth Magic    | 1 3 |  3.7
Fighting       | 1 |  1.3
Maces & Flails | 1 |  1.0
Shields        | |  0.6

Action                   |  1- 3 |  4- 6 |  7- 9 || total
-------------------------+-------+-------+-------++-------
Melee: Whip              |     2 |     2 |     7 ||    11
       Punch             |       |     1 |       ||     1
 Cast: Magic Dart        |    38 |    51 |    63 ||   152
       Searing Ray       |    15 |    38 |    46 ||    99
       Stone Arrow       |       |       |     1 ||     1
       Iskenderun's Myst |       |       |     8 ||     8
Evoke: Wand              |       |       |     1 ||     1
  Use: Scroll            |     1 |     5 |     2 ||     8
Armor: Leather armour    |     1 |     4 |    22 ||    27
Dodge: Dodged            |     1 |     5 |    33 ||    39
Block: Other             |       |       |    20 ||    20
       Reflection        |       |       |     7 ||     7

Levels and vault maps discovered:
D:1:      minmay_arrival_widening_spiral_wide, layout_basic
D:2:      layout_basic, lightli_corner_chamber
D:3:      layout_rooms, basic_ecumenical_altar
D:4:      layout_basic, serial_shops, nicolae_square_shop, portal_sewer_entry_e,
          uniq_robin
D:5:      layout_basic, uniq_blork_the_orc
D:6:      layout_basic, mainiacjoe_overflow_small_starburst, serial_shops,
          nicolae_take_the_stairs, shop, kennysheep_little_box,
          nicolae_shop_bloodbath_and_beyond, minmay_misc_feat_cross,
          uniq_prince_ribbit1, uniq_sigmund
D:7:      layout_cave_pools, minmay_temple_entry_wispy, enter_bailey_4,
          uniq_harold
D:8:      minmay_the_grid_triangle_9x9_rhombus_full
          [minmay_the_grid_triangle_9x9_longest,
          minmay_the_grid_triangle_9x9_empty,
          minmay_the_grid_triangle_9x9_stretched_checkered,
          minmay_the_grid_triangle_9x9_flanged_cone,
          minmay_the_grid_triangle_9x9_descending_squares,
          minmay_the_grid_triangle_9x9_dagger,
          minmay_the_grid_triangle_9x9_from_above,
          minmay_the_grid_triangle_9x9_prize_center], layout_rooms,
          uniq_gastronok

Notes
Turn   | Place    | Note
-------+----------+-------------------------------------------
     0 | D:1      | mortz the Deep Elf Conjurer began the quest for the Orb.
     0 | D:1      | Reached XP level 1. HP: 10/10 MP: 6/6
     0 | D:1      | magus.rc [v1.9.6]
    75 | D:1      | You pick up a book of Geomancy and begin reading...
    75 | D:1      | You add the spells Sandblast, Passwall and Stone Arrow to
                  | your library.
   562 | D:1      | Reached XP level 2. HP: 15/15 MP: 5/8
   567 | D:1      | Learned a level 2 spell: Searing Ray
   874 | D:2      | Reached skill level 5 in Conjurations
  1155 | D:2      | Reached XP level 3. HP: 19/19 MP: 6/9
  1348 | D:2      | Identified the +8 whip of the Destroying Priest {flame,
                  | *Corrode rPois Int+2}
  1981 | D:3      | Reached XP level 4. HP: 24/24 MP: 11/11
  2030 | D:3      | Found a faded altar of an unknown god.
  2042 | D:3      | Reached skill level 4 in Spellcasting
  2254 | D:3      | Reached skill level 1 in Translocations
  2254 | D:3      | Reached XP level 5. HP: 20/28 MP: 13/13
  2598 | D:4      | Reached skill level 3 in Stealth
  2640 | D:4      | Reached skill level 6 in Conjurations
  2718 | D:4      | Found a glowing drain.
  2759 | Sewer    | Entered a sewer
  3125 | D:4      | Reached skill level 1 in Armour
  3258 | D:4      | Reached skill level 5 in Spellcasting
  3258 | D:4      | Reached XP level 6. HP: 32/32 MP: 15/15
  3426 | D:4      | Noticed Robin
  3429 | D:4      | Killed Robin
  4047 | D:4      | Found Zoxal's Armour Boutique.
  4171 | D:5      | Entered Level 5 of the Dungeon
  4196 | D:5      | Reached skill level 2 in Translocations
  4477 | D:5      | Reached skill level 6 in Spellcasting
  4477 | D:5      | Reached XP level 7. HP: 36/36 MP: 18/18
  4551 | D:5      | Reached skill level 2 in Armour
  4551 | D:5      | Reached skill level 4 in Stealth
  4873 | D:5      | Identified the +1 leather armour of Sucaag {rN+ Slay+2}
  4895 | D:5      | You pick up a book of Weapons and begin reading...
  4895 | D:5      | You add the spells Portal Projectile, Excruciating Wounds
                  | and Blade Hands to your library.
  5318 | D:5      | Reached skill level 7 in Conjurations
  5318 | D:5      | Reached skill level 3 in Translocations
  5318 | D:5      | Noticed a vampire
  5376 | D:5      | HP: 3/37 [something (9)]
  5782 | D:5      | Learned a level 3 spell: Stone Arrow
  5987 | D:5      | Noticed Blork the orc
  6001 | D:5      | You pick up a book of Rime and begin reading...
  6001 | D:5      | You add the spells Frozen Ramparts, Ice Form and Summon Ice
                  | Beast to your library.
  6153 | D:6      | Reached skill level 3 in Dodging
  6366 | D:6      | Noticed Sigmund
  6388 | D:6      | Found Zirgh's Weapon Boutique.
  6406 | D:6      | Found a hazy altar of Hepliaklqana.
  6484 | D:6      | Noticed Prince Ribbit
  6515 | D:6      | Found Rugruxyu's Jewellery Shoppe.
  6534 | D:6      | Identified the +0 leather armour of Cowardice {rPois Dex-2
                  | Slay+5 SInv}
  6610 | D:6      | Found Xezxumm's Weapon Emporium.
  6619 | D:6      | Reached skill level 1 in Earth Magic
  6619 | D:6      | Reached XP level 8. HP: 42/42 MP: 20/20
  6625 | D:6      | Reached skill level 1 in Fighting
  6873 | D:6      | Found Macuet's Armour Shoppe.
  7093 | D:7      | Reached skill level 7 in Spellcasting
  7107 | D:7      | Reached skill level 1 in Maces & Flails
  7140 | D:7      | HP: 8/43 [ogre/+0 giant club (21)]
  7142 | D:7      | Reached skill level 2 in Earth Magic
  7147 | D:7      | Reached skill level 4 in Translocations
  7425 | D:7      | Found a flagged portal.
  7586 | D:7      | HP: 6/43 [hornet zombie (5)]
  7588 | D:7      | Reached skill level 3 in Armour
  7882 | D:7      | Reached skill level 3 in Earth Magic
  7883 | D:7      | Reached skill level 4 in Dodging
  7883 | D:7      | Reached skill level 8 in Spellcasting
  7883 | D:7      | Reached XP level 9. HP: 47/47 MP: 18/23
  8005 | D:7      | You pick up a book of the Wilderness and begin reading...
  8005 | D:7      | You add the spells Summon Forest, Summon Mana Viper and
                  | Summon Cactus Giant to your library.
  8013 | D:7      | Learned a level 2 spell: Passwall
  8018 | D:7      | Learned a level 4 spell: Iskenderun's Mystic Blast
  8352 | D:7      | Reached skill level 5 in Translocations
  8452 | D:7      | Noticed Harold
  8677 | D:8      | Reached skill level 8 in Conjurations
  8816 | D:7      | HP: 3/47 [Harold/+4 trident of protection (15)]
  8817 | D:7      | Demolished by Harold

Vanquished Creatures
  5 yaks (D:7)
  2 water moccasins
  A hornet zombie (D:7)
  3 ogres
  2 necrophages
  4 centaurs
  A kobold brigand (D:7)
  A gnoll sergeant (D:8)
  A scorpion (D:5)
  2 howler monkeys (D:5)
  A bullfrog zombie (D:3)
  2 hounds
  A jelly (D:4)
  2 centaur skeletons
  An iguana (D:5)
  2 orc wizards
  A hell rat (Sewer)
  2 hound skeletons
  Robin (D:4)
  5 gnolls (D:8)
  A howler monkey skeleton (D:6)
  9 adders
  2 river rats
  A shadow imp (D:5)
  An ufetubus (D:4)
  A worm (D:4)
  2 dart slugs
  23 orcs
  3 ball pythons
  2 bats (D:3)
  3 endoplasms
  4 giant cockroaches
  8 goblins
  13 hobgoblins
  5 jackals
  5 quokkas
  4 frilled lizards
  10 kobolds
  13 rats
150 creatures vanquished.

Table legend:
 A = Non-vault XP
 B = Vault XP
 C = Vault XP percentage of total XP
 D = Non-vault monster count
 E = Vault monster count
 F = Vault count percentage of total count
                 A         B        C        D         E       F
            +---------+---------+-------+---------+---------+-------
      Total |    3659 |     120 |   3.2 |     120 |      30 |  20.0
            +---------+---------+-------+---------+---------+-------
        D:1 |      16 |       0 |   0.0 |       8 |       0 |   0.0
        D:2 |      33 |       0 |   0.0 |      10 |       0 |   0.0
        D:3 |     175 |       0 |   0.0 |      25 |       0 |   0.0
        D:4 |     123 |      57 |  31.7 |      22 |      19 |  46.3
        D:5 |     771 |       0 |   0.0 |      18 |       0 |   0.0
        D:6 |     316 |       0 |   0.0 |       9 |       0 |   0.0
        D:7 |    1824 |      12 |   0.7 |      20 |       5 |  20.0
        D:8 |     401 |       0 |   0.0 |       8 |       0 |   0.0
      Sewer |       0 |      51 | 100.0 |       0 |       6 | 100.0
            +---------+---------+-------+---------+---------+-------

Illustrated notes

Table legend:
 A = Kills in this place as a percentage of kills in entire the game.
 B = Kills by you in this place as a percentage of kills by you in the entire game.
 C = Kills by friends in this place as a percentage of kills by friends in the entire game.
 D = Other kills in this place as a percentage of other kills in the entire game.
 E = Experience gained in this place as a percentage of experience gained in the entire game.
 F = Experience gained in this place divided by the number of levels of this place that you have seen.
                   A       B       C       D       E      F
               +-------+-------+-------+-------+-------+----------------------
         Total | 100.0 | 100.0 |   N/A |   N/A | 100.0 | 419.9
       Dungeon |  96.0 |  96.0 |   N/A |   N/A |  98.7 | 466.0
         Sewer |   4.0 |   4.0 |   N/A |   N/A |   1.3 |  51.0
               +-------+-------+-------+-------+-------+----------------------

Table legend: (Time is in decaauts)
 A = Elapsed time spent in this place.
 B = Non-inter-level travel time spent in this place.
 C = Inter-level travel time spent in this place.
 D = Time resting spent in this place.
 E = Time spent auto-exploring this place.
 F = Levels seen in this place.
 G = Mean time per level.
                   A        B        C        D        E       F      G
               +--------+--------+--------+--------+--------+-----+--------+
         Total |   8840 |   8493 |    347 |   1816 |   5506 |   9 |  982.2 |
       Dungeon |   8553 |   8206 |    347 |   1658 |   5421 |   8 | 1069.1 |
         Sewer |    287 |    287 |      0 |    158 |     85 |   1 |  287.0 |
               +--------+--------+--------+--------+--------+-----+--------+

Top non-repeatable levels by time:
     D:4: 1711 daAuts
     D:5: 1550 daAuts
     D:7: 1275 daAuts
     D:6: 1103 daAuts
     D:3: 965 daAuts
     D:2: 826 daAuts
     D:1: 799 daAuts
     D:8: 320 daAuts
   Sewer: 287 daAuts
